 Dungeon Crawl Stone Soup version 0.18.1-8-gdd0e5ea (console) character file.

6304 Kloppie the Fighter (level 10, -4/68 HPs)
             Began as a Gargoyle Fighter on June 4, 2016.
             Was an Elder of Okawaru.
             Killed by Ozocubu's Refrigeration
             ... invoked by Fannar
              (7 damage)
             ... on level 11 of the Dungeon.
             The game lasted 00:21:33 (7339 turns).

Kloppie the Fighter (Gargoyle Fighter)              Turns: 7339, Time: 00:21:33

Health: -4/68      AC: 19    Str: 20    XL:     10   Next: 95%
Magic:  12/12      EV:  7    Int:  9    God:    Okawaru [****..]
Gold:   446        SH:  9    Dex: 12    Spells: 0 memorised, 9 levels left

rFire  + . .     SeeInvis .     a - +1 flail
rCold  + . .     Gourm    .     o - +4 scale mail {MR+}
rNeg   + . .     Faith    .     c - +0 shield
rPois  ∞         Spirit   .     (no helmet)
rElec  +         Dismiss  .     (no cloak)
rCorr  +         Reflect  .     (no gloves)
SustAt .         Harm     .     (no boots)
MR     ++...                    A - amulet of regeneration
Stlth  ..........               (no ring)
                                e - ring of protection from magic

@: resistant, very slightly contaminated, very resistant to hostile
enchantments, extremely unstealthy
A: negative energy resistance 1, electricity resistance, unbreathing,
petrification resistance, rot immunity, AC +7
a: Heroism, Renounce Religion


You were on level 11 of the Dungeon.
You worshipped Okawaru.
Okawaru was greatly pleased with you.
You were not hungry.

You visited 2 branches of the dungeon, and saw 12 of its levels.

You collected 446 gold pieces.

Inventory:

Hand Weapons
 a - a +1 flail (weapon)
 b - a +1 mace of protection
Missiles
 H - a throwing net (quivered)
Armour
 c - a +0 shield (worn)
 o - a +4 scale mail of magic resistance (worn)
Jewellery
 e - a ring of protection from magic (left hand)
 k - an uncursed ring of fire
 A - an amulet of regeneration (around neck)
 C - a cursed amulet of harm
Wands
 d - a wand of confusion (25/48)
 x - a wand of digging (14/24)
 y - a wand of digging (13/24)
 z - a wand of hasting (6/9)
 B - a wand of lightning (9/15)
 D - a wand of lightning (10/15)
 F - a wand of slowing (18/48)
 L - a wand of disintegration (15/24)
 O - a wand of confusion (27/48)
 R - a wand of paralysis (15/24)
Scrolls
 g - 4 scrolls of blinking
 n - 2 scrolls of amnesia
 p - a scroll of noise
 t - 2 scrolls of fear
 J - a scroll of enchant weapon
Potions
 h - 3 potions of agility
 q - 4 potions of lignification
 s - 2 potions of curing
 u - 2 potions of flight
 v - 3 potions of brilliance
 w - a potion of invisibility
 G - 2 potions of berserk rage {unknown}
 Q - a potion of ambrosia
Books
 j - a book of Debilitation

   Spells                             Type                      Level
   a - Corona                         Hexes                        1
   b - Slow                           Hexes                        2
   c - Gell's Gravitas                Hexes/Translocation          3
   d - Inner Flame                    Hexes/Fire                   3
   e - Cause Fear                     Hexes                        4
   f - Leda's Liquefaction            Hexes/Earth                  4
Comestibles
 f - 6 bread rations
 l - 6 chunks of flesh
 m - 7 beef jerkies
 r - 4 meat rations
 E - 3 fruits
 I - a royal jelly


   Skills:
 + Level 10.4 Fighting
 + Level 9.8 Maces & Flails
 - Level 10.4 Armour
 + Level 3.2 Shields
 - Level 2.7 Invocations


You had 9 spell levels left.
You didn't know any spells.

Dungeon Overview and Level Annotations

Branches:
Dungeon (11/15)            Temple (1/1) D:5
   Lair: D:8-11         Orc: D:9-12

Altars:
Ashenzari
Cheibriados
Dithmenos
Elyvilon
Fedhas
Gozag
Makhleb
Nemelex Xobeh
Okawaru
Pakellas
Qazlal
Ru
Sif Muna
Trog
Vehumet
Xom
Yredelemnul
Zin
The Shining One

Annotations:
D:6 SataraUzumaki's ghost, novice MiBe
D:11 Fannar


Innate Abilities, Weirdness & Mutations

You are resistant to torment.
Your stone body is resilient (AC +7).
You are immune to poison.
You resist negative energy.
You are resistant to electric shocks.
You can survive without breathing.
You are immune to petrification.
You are immune to rotting.


Message History

You block the ice beast's attack.
You hit Fannar.
Fannar is severely wounded.
The ice beast hits you but does no damage.
Fannar hits you with a quarterstaff of freezing.
* * * LOW HITPOINT WARNING * * *
The ice beast hits you but does no damage.
The ice beast hits you but does no damage.
Fannar gestures at you while chanting. The bolt of cold hits you! You resist.
* * * LOW HITPOINT WARNING * * *
Read which item? (? for menu, Esc to quit)
Blink to where?
Press: ? - help, Dir - move target cursor You are very lightly contaminated with residual magic.
As you read the scroll of blinking, it crumbles to dust.
Fannar casts a spell.
Fannar drains the heat from the surrounding environment!
You resist.
You feel very cold.
You die...

#.............#..#.#
#.............#....#
#.... #.......+....#
#....##.......#....#
#####........###+##.##.#
....#......Y§#......##.#
....#.......eY.##...##.#
....#.......)#.##......#
....#....#####..@......#
....####### ######....#
...)WWW...# #....#
...<.###..# #....#
.....# #..# ....#
..........# ...#
..........# #.#
..........# ####......#


You could see Fannar and 2 ice beasts.

Vanquished Creatures
  Josephine (D:11)
  Erica (D:9)
  An ugly thing (D:7)
  A gargoyle (D:10)
  2 wraiths (D:11)
  A wyvern (D:9)
  A hippogriff (D:8)
  6 orc warriors
  2 ice beasts
  A black bear (D:9)
  2 phantoms
  A sky beast (D:10)
  A necrophage (D:7)
  4 ogres
  3 centaurs
  A giant frog (D:7)
  6 killer bees (D:7)
  3 howler monkeys
  4 wights (D:6)
  2 electric eels (D:8)
  A quasit (D:7)
  A giant frog zombie (D:8)
  3 orc priests
  2 jellies
  16 orc wizards
  5 hounds
  Terence (D:2)
  Natasha (thrice) (D:4)
  3 worker ants
  Ijyb (D:2)
  A hound zombie (D:7)
  A hound skeleton (D:7)
  9 adders
  A shadow imp (D:9)
  An ooze (D:1)
  2 worms
  A dart slug (D:2)
  2 giant geckos
  32 orcs
  A ball python (D:5)
  5 bats
  2 giant cockroaches
  4 goblins
  7 hobgoblins
  6 jackals
  3 quokkas
  6 giant newts
  5 kobolds
  A quokka zombie (D:5)
  A rat (D:1)
171 creatures vanquished.

Notes
Turn   | Place    | Note
--------------------------------------------------------------
     0 | D:1      | Kloppie the Gargoyle Fighter began the quest for the Orb.
     0 | D:1      | Reached XP level 1. HP: 14/14 MP: 1/1
    87 | D:1      | Reached XP level 2. HP: 19/19 MP: 2/2
   491 | D:2      | Found a blossoming altar of Fedhas.
   598 | D:2      | Reached XP level 3. HP: 22/23 MP: 3/3
   630 | D:2      | Noticed Terence
   649 | D:2      | Killed Terence
   898 | D:2      | Reached XP level 4. HP: 29/29 MP: 4/4
  1114 | D:2      | Found a sacrificial altar of Ru.
  1284 | D:2      | Noticed Ijyb
  1303 | D:2      | Killed Ijyb
  1513 | D:3      | Found a snail-covered altar of Cheibriados.
  2212 | D:4      | Reached XP level 5. HP: 32/34 MP: 5/5
  2276 | D:4      | Got a polished plate armour
  2287 | D:4      | Identified the +1 plate armour of the Sailor {rElec Int-3 Dex+3} (You found it on level 4 of the Dungeon)
  2327 | D:4      | Noticed Natasha
  2346 | D:4      | Killed Natasha
  2417 | D:4      | Noticed Natasha
  2420 | D:4      | Reached XP level 6. HP: 39/40 MP: 6/6
  2442 | D:4      | Killed Natasha
  2442 | D:4      | Reached skill level 5 in Fighting
  2442 | D:4      | Reached skill level 5 in Armour
  2527 | D:4      | Noticed Natasha
  2555 | D:4      | Killed Natasha
  2869 | D:4      | Noticed a phantom
  2889 | D:4      | Killed a phantom
  2889 | D:4      | Reached XP level 7. HP: 38/44 MP: 7/7
  2957 | D:4      | Found a deep blue altar of Sif Muna.
  2996 | D:5      | Entered Level 5 of the Dungeon
  3301 | D:5      | Found a staircase to the Ecumenical Temple.
  3310 | Temple   | Entered the Ecumenical Temple
  3456 | Temple   | Became a worshipper of Warmaster Okawaru
  3770 | D:6      | Reached skill level 5 in Maces & Flails
  3917 | D:6      | Reached XP level 8. HP: 29/51 MP: 8/8
  4234 | D:6      | Found a basalt altar of Yredelemnul.
  4234 | D:6      | Noticed SataraUzumaki's ghost (novice MiBe)
  4235 | D:6      | Found a radiant altar of Vehumet.
  4267 | D:7      | Reached * piety under Okawaru
  4428 | D:7      | Reached skill level 1 in Invocations
  4664 | D:7      | Reached XP level 9. HP: 37/57 MP: 9/11
  4850 | D:7      | Noticed a cyan ugly thing
  4872 | D:7      | Killed a cyan ugly thing
  4872 | D:7      | Reached ** piety under Okawaru
  5768 | D:8      | Found an oddly glowing altar of Pakellas.
  5987 | D:8      | Found a shattered altar of Ashenzari.
  6287 | D:9      | Noticed Erica
  6299 | D:9      | Killed Erica
  6299 | D:9      | Reached *** piety under Okawaru
  6299 | D:9      | Reached XP level 10. HP: 57/66 MP: 10/12
  6493 | D:9      | Found a stormy altar of Qazlal.
  6742 | D:9      | Found a white marble altar of Elyvilon.
  6759 | D:9      | Found an opulent altar of Gozag.
  6852 | D:9      | Found a white marble altar of Elyvilon.
  6920 | D:10     | Entered Level 10 of the Dungeon
  6931 | D:10     | Reached **** piety under Okawaru
  6947 | D:10     | Noticed a gargoyle
  6978 | D:10     | Killed a gargoyle
  6991 | D:10     | Noticed an orc knight
  7022 | D:11     | Noticed Josephine
  7045 | D:11     | Killed Josephine
  7045 | D:11     | Reached skill level 10 in Fighting
  7045 | D:11     | Reached skill level 10 in Armour
  7282 | D:11     | Noticed Fannar
  7337 | D:11     | HP: 2/68 [Fannar/bolt of cold (7)]
  7339 | D:11     | Killed from afar by Fannar

Skill      XL: |  1  2  3  4  5  6  7  8  9 10 |
---------------+-------------------------------+-----
Fighting       | 4 5 6 7 9 10 | 10.4
Maces & Flails | 3 4 5 6 8 9 |  9.8
Armour         | 4 5 6 7 9 10 | 10.4
Invocations    | 2 |  2.7
Shields        | |  3.2

Action                   |  1- 3 |  4- 6 |  7- 9 | 10-12 || total
-------------------------+-------+-------+-------+-------++-------
Melee: Flail             |    81 |   213 |   584 |   265 ||  1143
       Unarmed           |    10 |       |       |       ||    10
       Mace              |       |       |       |    13 ||    13
Invok: Heroism           |       |       |     7 |     5 ||    12
  Use: Potion            |       |     3 |     4 |     4 ||    11
       Scroll            |       |       |    20 |     5 ||    25
 Stab: Invisible         |       |     3 |       |       ||     3
  Eat: Chunk             |       |     7 |    12 |     4 ||    23
       Beef jerky        |       |       |       |     1 ||     1
Armor: Scale mail        |    43 |   111 |   380 |   156 ||   690
Dodge: Dodged            |    40 |    49 |   223 |    99 ||   411
Block: Shield            |    56 |    99 |   327 |   140 ||   622
